 Dungeon Crawl Stone Soup version 0.21-a0-153-g78480df (webtiles) character file.

256 tsouns the Ruffian (level 5, -5/50 HPs)
             Began as a Troll Enchanter on Aug 1, 2017.
             Slain by Grinder (6 damage)
             ... on level 3 of the Dungeon.
             The game lasted 00:07:06 (2058 turns).

tsouns the Ruffian (Troll Enchanter)                Turns: 2058, Time: 00:07:07

Health: -5/50      AC:  5    Str: 22    XL:     5   Next: 92%
Magic:  5/5        EV: 10    Int: 16    God:
Gold:   193        SH:  0    Dex: 10    Spells: 5/6 levels left

rFire    . . .     SeeInvis .     - Unarmed
rCold    . . .     Gourm    +   (no shield)
rNeg     . . .     Faith    .   b - +0 robe
rPois    .         Spirit   .   (helmet restricted)
rElec    .         Reflect  .   (no cloak)
rCorr    .         Harm     .   (gloves unavailable)
MR       .....                  (boots unavailable)
Stlth    ++........             (no amulet)
HPRegen  0.56/turn              (no ring)
MPRegen  0.09/turn              (no ring)

@: mighty, brilliant
A: unfitting armour, claws 3, fast metabolism 3, gourmand, regeneration 1,
shaggy fur 1, tough skin 2
a: no special abilities


You were on level 3 of the Dungeon.
You were completely stuffed.

You visited 1 branch of the dungeon, and saw 3 of its levels.

You collected 193 gold pieces.

Inventory:

Hand Weapons
 a - a +1 dagger
Missiles
 e - 19 poisoned needles
 g - 78 stones (quivered)
 r - 2 tomahawks
Armour
 b - a +0 robe (worn)
Wands
 j - a wand of random effects (14/48)
Scrolls
 h - a scroll of fear
 i - 2 scrolls of enchant weapon
 n - a scroll of recharging
 p - a scroll of teleportation
Books
 c - a book of Maledictions

   Spells                             Type                      Level
   a - Corona                         Hexes                        1
   b - Ensorcelled Hibernation        Hexes/Ice                    2
   c - Confuse                        Hexes                        3
   d - Tukima's Dance                 Hexes                        3
   e - Dazzling Spray                 Conjuration/Hexes            3
Comestibles
 d - 4 bread rations
 f - a meat ration
 k - 7 fruits
 l - 18 chunks of flesh
 m - 3 royal jellies


   Skills:
 + Level 2.3 Fighting
 - Level 0.7 Short Blades
 - Level 1.5 Dodging
 - Level 1.5 Stealth
 * Level 4.8 Unarmed Combat
 - Level 1.2 Spellcasting
 - Level 2.0 Hexes


You had 5 spell levels left.
You knew the following spells:

 Your Spells              Type           Power        Failure   Level  Hunger
a - Corona                Hex            ###....      1%          1    ##.....


Dungeon Overview and Level Annotations

Branches:
Dungeon (3/15)

Altars:
Sif Muna
Zin

Annotations:
D:3 Grinder


Innate Abilities, Weirdness & Mutations

You are too large for most types of armour.
You have claws for hands.
Your metabolism is lightning-fast.
You like to eat raw meat.
Your natural rate of healing is unusually fast.
You are covered in fur. (AC +1)
You have very tough skin. (AC +2)


Message History

You suddenly lose the ability to move!
The bat barely misses you. Grinder gestures at you.
Pain shoots through your body!
Some of the chunks of flesh in your inventory have rotted away.
The bat hits you but does no damage. Grinder hits you.
You writhe in agony.
The bat hits you. x2; Grinder hits you! The bat hits you but does no damage.
Grinder completely misses you. The bat hits you but does no damage.
Grinder hits you!
* * * LOW HITPOINT WARNING * * *
You writhe in agony.
* * * LOW HITPOINT WARNING * * *
The bat hits you but does no damage.
Grinder blinks!
You can move again.
You scratch Grinder.
Grinder is almost dead.
The bat hits you but does no damage. Grinder hits you!
* * * LOW HITPOINT WARNING * * *
You writhe in agony.
You die...

..).....## #.### .........# #.#
)........#######)######.
).........[.............
)..÷.....####†.......##..........
.....>...# ##........##..........
........####.........##..........
.......####.....b....##..........
................@....##..........
...#......##...5).....##....$....
#...###.#..)...#)##.....#........
#.....#.######..........†........
..........## ###)#######.....?...
...#.<#.#..# #.# ##........
...##....#.#####.# #........
...####.......)>.# #......(.
..............).## #........


You could see Grinder and a bat.

Vanquished Creatures
  The ghost of tsouns the Chopper, an amateur DsCK of Xom (D:3)
  An orc priest (D:3)
  Robin (D:2)
  3 gnolls (D:3)
  2 adders
  A worm (D:2)
  A dart slug (D:1)
  A leopard gecko (D:1)
  10 orcs (D:3)
  10 goblins
  4 hobgoblins
  11 jackals
  7 bats
  6 kobolds
  10 rats
69 creatures vanquished.

Notes
Turn   | Place    | Note
-------+----------+-------------------------------------------
     0 | D:1      | tsouns the Troll Enchanter began the quest for the Orb.
     0 | D:1      | Reached XP level 1. HP: 16/16 MP: 1/1
   153 | D:1      | Reached skill level 1 in Unarmed Combat
   177 | D:1      | Reached XP level 2. HP: 22/26 MP: 2/2
   358 | D:1      | Reached skill level 2 in Unarmed Combat
   777 | D:2      | Found a deep blue altar of Sif Muna.
   830 | D:2      | Found a glowing silver altar of Zin.
   876 | D:2      | Reached XP level 3. HP: 32/32 MP: 3/3
  1123 | D:2      | Reached skill level 1 in Fighting
  1493 | D:3      | Noticed Robin
  1586 | D:3      | Noticed tsouns's ghost (amateur DsCK)
  1632 | D:2      | HP: 2/49 [poisoned by an adder]
  1714 | D:3      | Reached skill level 3 in Unarmed Combat
  1714 | D:3      | Reached XP level 4. HP: 41/41 MP: 4/4
  1736 | D:2      | Killed Robin
  1855 | D:3      | Reached skill level 4 in Unarmed Combat
  1863 | D:3      | Reached XP level 5. HP: 49/49 MP: 5/5
  1928 | D:3      | Killed tsouns's ghost
  2024 | D:3      | Noticed Grinder
  2051 | D:3      | Paralysed by Grinder for 6 turns
  2058 | D:3      | HP: 1/50 [Grinder (7)]
  2058 | D:3      | Slain by Grinder

Vault maps used:
D:1:      dpeg_arrival_ratfight
D:2:      grunt_temple_overflow_open, guppyfry_early_lair_pool
D:3:      first_bread, uniq_grinder, uniq_natasha, uniq_robin

Skill      XL: |  1  2  3  4  5 |
---------------+----------------+-----
Unarmed Combat | 1 2 3 4 |  4.8
Fighting       | 1 2 |  2.3
Short Blades   | |  0.7
Dodging        | |  1.5
Stealth        | |  1.5
Spellcasting   | |  1.2
Hexes          | |  2.0

Action                   |  1- 3 |  4- 6 || total
-------------------------+-------+-------++-------
Melee: Unarmed           |   138 |    85 ||   223
       Punch             |       |     1 ||     1
  Use: Potion            |     2 |     3 ||     5
       Scroll            |       |     7 ||     7
 Stab: Sleeping          |     2 |       ||     2
  Eat: Chunk             |    21 |     4 ||    25
Armor: Robe              |    63 |    33 ||    96
Dodge: Dodged            |    85 |    58 ||   143
